 Dungeon Crawl Stone Soup version 0.31.0-11-ge490571c62 (webtiles) character file.

Game seed: 2252182161570182489

662 Aneyh the Trooper (level 7, -2/48 HPs)
             Began as a Tengu Monk on Feb 4, 2024.
             Slain by a sky beast (6 damage)
             ... on level 6 of the Dungeon.
             The game lasted 00:05:45 (3443 turns).

Aneyh the Trooper (Tengu Monk)                      Turns: 3443, Time: 00:05:46

Health: -2/48      AC:  2    Str: 12    XL:     7   Next: 56%
Magic:  8/8        EV: 17    Int: 10    God:
Gold:   231        SH:  0    Dex: 18    Spells: 6/6 levels left

rFire   . . .        a - +1 dagger (vamp)
rCold   + . .        (no shield)
rNeg    . . .        f - +0 robe
rPois   +            (helmet restricted)
rElec   .            (no cloak)
rCorr   .            (no gloves)
SInv    .            (boots unavailable)
Will    .....        (no amulet)
Stlth   ++           j - ring of poison resistance
HPRegen 0.28/turn    o - ring of protection from cold
MPRegen 0.11/turn

%: acrobat
@: flying
A: beak, talons 3, evasive flight, acrobatic
a: no special abilities


You were on level 6 of the Dungeon.
You visited 1 branch of the dungeon, and saw 6 of its levels.

You collected 231 gold pieces.

Inventory:

Hand Weapons
 a - a +1 vampiric dagger (weapon)
 b - a +0 orcbow
 i - a +0 falchion
Missiles
 e - 9 boomerangs (quivered)
Armour
 d - an orb of light
 f - a +0 robe (worn)
 n - a +0 buckler
Jewellery
 j - a ring of poison resistance (left hand)
 o - a ring of protection from cold (right hand)
Scrolls
 g - a scroll of fear {unknown}
 k - a scroll of teleportation {unknown}
 l - a scroll of amnesia
 m - 3 scrolls of identify {unknown}
 q - a scroll of noise {unknown}
 s - a scroll of vulnerability {unknown}
 t - a scroll of fog {unknown}
 u - a scroll of torment {unknown}
 y - a scroll of poison {unknown}
Potions
 c - a potion of berserk rage {unknown}
 h - a potion of attraction {unknown}
 p - 3 potions of might {unknown}
 r - a potion of lignification {unknown}
 v - 2 potions of heal wounds {unknown}
 w - a potion of resistance {unknown}
 x - a potion of brilliance {unknown}
 z - a potion of ambrosia


   Skills:
 + Level 7.9 Fighting
 - Level 5.0 Long Blades
 - Level 3.2 Dodging


You had 6 spell levels left.
You didn't know any spells.
Your spell library contained the following spells:

 Spells                   Type           Power      Damage    Failure   Level
 Frozen Ramparts          Ice            0%         1d1       75%         3
 Tukima's Dance           Hex            0%         N/A       75%         3
 Dimensional Bullseye     Hex/Tloc       0%         N/A       98%         4
 Iskenderun's Mystic Bla  Conj/Tloc      0%         2d3       98%         4
 Leda's Liquefaction      Alch/Erth      0%         N/A       98%         4
 Petrify                  Alch/Erth      0%         N/A       98%         4
 Metabolic Englaciation   Hex/Ice        0%         N/A       100%        5


Dungeon Overview and Level Annotations

Branches:
Dungeon (6/15)
 Temple: D:4-7

Altars:


Innate Abilities, Weirdness & Mutations

You have a beak for a mouth.
You have claws for feet.
Your magical flight helps you evade attacks. (EV +4)
You can magically evade attacks while moving or waiting.


Message History

Search for what [Enter for "shop", or ? for help]? store Can't find anything matching that.
You feel the dreadful sensation subside.
b - a +0 orcbow (weapon)
z - a potion of ambrosia You now have 219 gold pieces (gained 14).
You now have 231 gold pieces (gained 12).
A sky beast comes into view.
Found a scroll labelled XUOHAN XAED and a smoky sapphire potion.
You shoot an arrow. The arrow hits the sky beast.
The sky beast is lightly wounded.
You shoot an arrow. The arrow closely misses the sky beast.
The sky beast flickers out of sight!
Deactivating autopickup; reactivate with Ctrl-A.
You feel a sense of dread.
a - a +1 vampiric dagger (weapon)
You hit something but do no damage. Your punch misses something.
Something hits you. Something shocks you.
You miss something. Something hits you. Something shocks you.
You miss something. You claw something. Something hits you.
Something shocks you.
You barely miss something. You claw something. Your peck misses something.
Something hits you. Something shocks you. Something barely misses you.
A sky beast appears from thin air!
Reactivating autopickup.
You hit the sky beast but do no damage.
You claw the sky beast, but do no damage.
You peck the sky beast, but do no damage.
The sky beast is moderately wounded.
The sky beast hits you.
* * * LOW HITPOINT WARNING * * *
The sky beast shocks you.
* * * LOW HITPOINT WARNING * * *
You closely miss the sky beast. Your kick misses the sky beast.
The sky beast is moderately wounded.
The sky beast hits you.
* * * LOW HITPOINT WARNING * * *
The sky beast shocks you.
You die...

#.######.## ##. #.#
##.###.# #.# ##...## #.#
##.## #.######.# #.#
#........####### #.#
########.......# #.#
##########.#####.###.###
#.....Y@...# #........
#.########## ########.
#. #. #. #. ?. #. .. #.
#.# #. !. #. #.


You could see a sky beast.

Vanquished Creatures
  A wyvern (D:4)
  2 scorpions
  A hound (D:4)
  2 sleepcaps
  An iguana (D:4)
  3 orc wizards
  A gnoll (D:1)
  12 adders
  4 dart slugs
  2 ribbon worms
  4 orcs
  16 bats
  7 endoplasms
  3 giant cockroaches (D:1)
  5 hobgoblins
  4 jackals (D:4)
  5 quokkas
  10 ball pythons
  4 frilled lizards
  7 goblins
  3 kobolds
  3 rats
100 creatures vanquished.

Notes
Turn   | Place    | Note
-------+----------+-------------------------------------------
     0 | D:1      | Aneyh the Tengu Monk began the quest for the Orb.
     0 | D:1      | Reached XP level 1. HP: 14/14 MP: 2/2
   159 | D:1      | Reached XP level 2. HP: 19/19 MP: 3/3
   386 | D:1      | Reached XP level 3. HP: 23/23 MP: 4/4
   737 | D:2      | Reached skill level 5 in Long Blades
   811 | D:2      | Reached XP level 4. HP: 28/28 MP: 5/5
  1221 | D:3      | Found a faded altar of an unknown god.
  1410 | D:3      | Reached skill level 4 in Fighting
  1513 | D:3      | Reached XP level 5. HP: 33/34 MP: 6/6
  1908 | D:4      | Reached skill level 5 in Fighting
  1969 | D:4      | Reached XP level 6. HP: 40/40 MP: 7/7
  2153 | D:4      | Reached skill level 6 in Fighting
  2390 | D:4      | Noticed a wyvern
  2395 | D:4      | Killed a wyvern
  2396 | D:4      | Gained mutation: Your magical flight helps you evade
                  | attacks. (EV +4) [Tengu growth]
  2396 | D:4      | Reached XP level 7. HP: 47/47 MP: 8/8
  2408 | D:4      | Reached skill level 7 in Fighting
  2736 | D:5      | Entered Level 5 of the Dungeon
  3443 | D:6      | Slain by a sky beast

Illustrated notes

Levels and vault maps discovered:
D:1:      reono_arrival_forest_river, layout_loops_ring
D:2:      layout_rooms, amethyst_killhole
D:3:      layout_basic, ebering_ecumenical_altar_ruins,
          minmay_misc_feat_secret_circle, minmay_pentomino_pile
D:4:      layout_basic
D:5:      layout_cave_pools, minmay_temple_entry_nine_rooms, serial_demonic,
          serial_demonic_f, serial_demonic_a, serial_demonic_g, serial_demonic_a
D:6:      layout_loops_ring, serial_shops, nicolae_shop_stone

Skill      XL: |  1  2  3  4  5  6  7 |
---------------+----------------------+-----
Long Blades    | 4 5 |  5.0
Fighting       | 4 5 6 7 |  7.9
Dodging        | |  3.2

Action                     |  1- 3 |  4- 6 |  7- 9 || total
---------------------------+-------+-------+-------++-------
  Melee: Falchion          |    29 |       |       ||    29
         Peck              |     4 |     6 |    18 ||    28
         Kick              |     3 |    12 |    20 ||    35
         Dagger            |     2 |    53 |    45 ||   100
         Punch             |       |     1 |       ||     1
   Fire: Orcbow            |    59 |   133 |    54 ||   246
    Use: Potion            |       |     1 |       ||     1
         Scroll            |       |     1 |       ||     1
   Stab: Sleeping          |     2 |       |       ||     2
 Armour: Robe              |    22 |    65 |    25 ||   112
  Dodge: Dodged            |    45 |    89 |    68 ||   202
